 Dungeon Crawl Stone Soup version 0.25.0-26-g0c896c7088 (webtiles) character file.

Game seed: 12185910772775602041

1689 Exodus22XD the Chopper (level 8, -7/73 HPs)
             Began as a Deep Dwarf Fighter on July 4, 2020.
             Was an Initiate of Makhleb.
             Killed from afar by Maggie (31 damage)
             ... with a bolt of fire
             ... on level 7 of the Dungeon.
             The game lasted 00:11:33 (5484 turns).

Exodus22XD the Chopper (Deep Dwarf Fighter)         Turns: 5484, Time: 00:11:34

Health: -7/73      AC: 11    Str: 22    XL:     8   Next: 71%
Magic:  5/5        EV:  7    Int:  9    God:    Makhleb [......]
Gold:   330        SH: 10    Dex: 12    Spells: 7/7 levels left

rFire    . . .     SeeInvis .   a - +0 war axe
rCold    . . .     Gourm    .   c - +0 kite shield
rNeg     . . .     Faith    .   k - +0 chain mail
rPois    +         Spirit   .   v - +0 helmet
rElec    .         Reflect  .   (no cloak)
rCorr    .         Harm     .   (no gloves)
MR       ++...                  (no boots)
Stlth    ..........             (no amulet)
HPRegen  0.00/turn              t - ring of poison resistance
MPRegen  0.09/turn              j - ring of protection from magic

@: mighty, mesmerised, non-regenerating, hasted, very quick
A: damage resistance, heal wounds, sense surroundings 1, no regeneration
a: Heal Wounds, Renounce Religion


You were on level 7 of the Dungeon.
You worshipped Makhleb.
Makhleb was noncommittal.
You were very hungry.

You visited 2 branches of the dungeon, and saw 8 of its levels.

You collected 330 gold pieces.

Inventory:

Hand Weapons
 a - a +0 war axe (weapon)
 p - a +0 club
Armour
 c - a +0 kite shield (worn)
 k - a +0 chain mail (worn)
 n - the +1 leather armour "Bohaneq" {Harm rC+}
   (You found it on level 5 of the Dungeon)

   It protects you from cold.
   It increases damage dealt and taken.
 v - a +0 helmet (worn)
Jewellery
 j - a ring of protection from magic (right hand)
 t - a ring of poison resistance (left hand)
 A - an uncursed ring of fire
Wands
 C - a wand of flame (10)
Scrolls
 e - 5 scrolls of teleportation
 l - 8 scrolls of remove curse
 s - a scroll of enchant weapon
 w - a scroll of enchant armour
 x - a scroll of magic mapping {unknown}
 y - a scroll of noise {unknown}
 B - a scroll of random uselessness {unknown}
 D - 2 scrolls of identify
 E - 3 scrolls of fog {unknown}
Potions
 g - 3 potions of mutation
 h - a potion of ambrosia {unknown}
 i - a potion of heal wounds
 m - 2 potions of cancellation {unknown}
 q - 7 potions of curing
 r - 2 potions of lignification {unknown}
 u - a potion of degeneration {unknown}
 z - a potion of brilliance {unknown}
 F - a potion of flight {unknown}
Comestibles
 f - 10 rations


   Skills:
 + Level 4.6 Fighting
 + Level 7.5 Axes
 + Level 6.3 Armour
 + Level 3.0 Dodging
 - Level 0.5 Stealth
 + Level 6.4 Shields
 * Level 2.3 Invocations


You had 7 spell levels left.
You didn't know any spells.
Your spell library was empty.

Dungeon Overview and Level Annotations

Branches:
Dungeon (7/15)             Temple (1/1) D:6

Altars:
Dithmenos
Gozag
Hepliaklqana
Kikubaaqudgha
Makhleb
Nemelex Xobeh
Sif Muna
Uskayaw
Vehumet
Wu Jian
Yredelemnul

Shops:
D:4 (**(   D:5 =}

Annotations:
D:5 1 runed translucent door, Peloso's ghost, novice DsFi
D:7 Maggie


Innate Abilities, Weirdness & Mutations

You are resistant to damage.
You can heal yourself by infusing magical energy.
You passively map a small area around you.
You do not regenerate.


Message History

Maggie hits you with a +1 vorpal glaive!
You slash Maggie!
Maggie is moderately wounded.
You slash Maggie!
Maggie is heavily wounded.
Maggie hits you with a +1 vorpal glaive!
You slash Maggie!
Maggie is severely wounded.
Maggie gestures at you while chanting. The bolt of fire hits you!!
* * * LOW HITPOINT WARNING * * *
You feel much better.
Maggie hits you with a +1 vorpal glaive!
You closely miss Maggie.
Maggie is severely wounded.
You closely miss Maggie.
Maggie is severely wounded.
Maggie casts a spell at you. The bolt of fire hits you!!
You die...

#. #.##.# * ..,
#.##.##.###.#..
#............#
,
####.##.###..#
#..........# ,
*
##.##.##.....##
####.# #......
* , #@####.....
#.@.....###
#######.# , *,#
, * , * , , *
*, , * * , ,


You could see Maggie (mesmerising).

Vanquished Creatures
  A hungry ghost (D:3)
  An ice beast (D:7)
  A sky beast (D:6)
  3 ogres
  A phantom (D:6)
  A centaur (D:6)
  A bullfrog (D:6)
  A gnoll sergeant (D:6)
  A howler monkey (D:4)
  2 crimson imps
  A quasit (D:6)
  A bullfrog zombie (D:5)
  3 orc priests
  A hound (D:6)
  3 orc wizards
  A bullfrog skeleton (D:4)
  4 worker ants
  4 iguanas
  A worker ant zombie (D:7)
  5 gnolls (D:6)
  5 adders
  4 oozes
  2 adder skeletons (D:6)
  3 worms
  A dart slug (D:3)
  4 leopard geckos
  6 orcs
  7 giant cockroaches
  7 goblins
  9 hobgoblins
  10 jackals
  8 kobolds
  2 quokkas (D:6)
  A ball python (D:3)
  A bat (D:3)
  9 frilled lizards
  2 jackal skeletons
  2 leopard gecko skeletons
  A leopard gecko zombie (D:3)
  3 rats (D:2)
124 creatures vanquished.

Notes
Turn   | Place    | Note
-------+----------+-------------------------------------------
     0 | D:1      | Exodus22XD the Deep Dwarf Fighter began the quest for the
                  | Orb.
     0 | D:1      | Reached XP level 1. HP: 20/20 MP: 1/1
   316 | D:1      | Reached XP level 2. HP: 21/27 MP: 2/2
  1052 | D:2      | Reached XP level 3. HP: 17/33 MP: 3/3
  1802 | D:2      | Reached XP level 4. HP: 22/42 MP: 4/4
  2007 | D:3      | Noticed a hungry ghost
  2042 | D:3      | Killed a hungry ghost
  2042 | D:3      | Reached skill level 3 in Axes
  2042 | D:3      | Reached skill level 1 in Dodging
  2042 | D:3      | Reached XP level 5. HP: 45/49 MP: 5/5
  2755 | D:4      | Reached XP level 6. HP: 42/56 MP: 6/6
  2892 | D:4      | Reached skill level 4 in Axes
  2924 | D:4      | Reached skill level 5 in Shields
  2959 | D:4      | HP: 2/56 [ogre/+0 giant club (14)]
  2965 | D:4      | Reached XP level 7. HP: 7/63 MP: 5/5
  2989 | D:4      | Reached skill level 5 in Armour
  2995 | D:4      | Found Fuhy's Weapon Boutique.
  3095 | D:4      | Found Sukionk's General Store.
  3123 | D:4      | Found Ulleit's Weapon Emporium.
  3187 | D:4      | Found Rigacah's General Store.
  3322 | D:4      | Noticed a +0 dagger
  3323 | D:4      | Found a hide-covered altar of Uskayaw.
  3323 | D:4      | Noticed a +0 dagger
  3492 | D:5      | Entered Level 5 of the Dungeon
  3541 | D:5      | Reached skill level 5 in Axes
  3587 | D:5      | Noticed Peloso's ghost (novice DsFi)
  3588 | D:5      | Found a runed translucent door.
  3824 | D:5      | Found Hatenope's Gadget Shoppe.
  3920 | D:5      | Found Xaza Ece's Jewellery Emporium.
  4061 | D:5      | Got a distressingly furry leather armour
  4072 | D:5      | Identified the +1 leather armour "Bohaneq" {Harm rC+} (You
                  | found it on level 5 of the Dungeon)
  4354 | D:6      | Reached skill level 6 in Axes
  4410 | D:6      | Reached XP level 8. HP: 19/72 MP: 4/4
  4766 | D:6      | Found a staircase to the Ecumenical Temple.
  4785 | Temple   | Entered the Ecumenical Temple
  4792 | Temple   | Became a worshipper of Makhleb the Destroyer
  4856 | D:6      | Reached skill level 7 in Axes
  4875 | D:6      | Reached skill level 1 in Invocations
  5467 | D:7      | Noticed Maggie
  5484 | D:7      | Killed from afar by Maggie

Illustrated notes

Levels and vault maps discovered:
D:1:      moated_graveyard_arrival, layout_basic
D:2:      layout_rooms
D:3:      layout_loops_ring, kennysheep_doodads
D:4:      layout_basic, dancing_weapons_uskayaw, serial_shops, shop, shop, shop,
          kennysheep_little_box
D:5:      layout_basic, hellmonk_ghost_happy_afterlife, serial_shops, shop,
          kennysheep_mini, first_ration, kennysheep_potato
D:6:      layout_basic, minmay_temple_entry_tees, grunt_ministairs_6
D:7:      layout_loops_cross, the_bakery, uniq_pikel, uniq_maggie, uniq_duvessa,
          uniq_joseph
Temple:   compressed_dpeg_triangle_lava_temple

Skill      XL: |  1  2  3  4  5  6  7  8 |
---------------+-------------------------+-----
Fighting       | 3 4 |  4.6
Shields        | 4 5 6 |  6.4
Armour         | 4 5 6 |  6.3
Axes           | 3 4 6 7 |  7.5
Dodging        | 1 2 3 |  3.0
Invocations    | 2 |  2.3
Stealth        | |  0.5

Action                   |  1- 3 |  4- 6 |  7- 9 || total
-------------------------+-------+-------+-------++-------
Melee: War axe           |   105 |   159 |   267 ||   531
 Abil: Heal Wounds       |     1 |     5 |    13 ||    19
  Use: Scroll            |       |       |     7 ||     7
       Potion            |       |       |     4 ||     4
  Eat: Chunk             |     3 |     6 |     8 ||    17
       Ration            |       |     1 |       ||     1
Armor: Scale mail        |    47 |    60 |    24 ||   131
       Chain mail        |       |       |   127 ||   127
Dodge: Dodged            |    34 |    57 |   100 ||   191
Block: Kite shield       |    61 |    81 |   164 ||   306
